 Dungeon Crawl Stone Soup version 0.31-a0-963-ga325b2283a (webtiles) character file.

Game seed: 6899526443092457772

586 Ahpoh the Slasher (level 7, -10/123 HPs)
             Began as a Barachi Fighter on Oct 24, 2023.
             Killed by an exploding steam dragon (47 damage)
             ... ignited by their inner flame
             ... on level 4 of the Dungeon.
             The game lasted 00:08:30 (3338 turns).

Ahpoh the Slasher (Barachi Fighter)                 Turns: 3338, Time: 00:08:32

Health: -10/123    AC: 23    Str: 17    XL:     7   Next: 37%
Magic:  7/7        EV:  2    Int:  8    God:
Gold:   271        SH:  5    Dex: 14    Spells: 6/6 levels left

rFire   . . .        a - +0 long sword
rCold   . . .        c - +0 buckler
rNeg    . . .        k - melded +0 chain mail
rPois   +            (helmet currently unavailable)
rElec   .            t - melded +1 cloak
rCorr   .            f - melded +0 pair of gloves
SInv    .            s - melded +0 pair of boots
Will    .....        (no amulet) Stlth
                     (no ring)
HPRegen 0.40/turn    (no ring)
MPRegen 0.10/turn

%: no passive effects
@: berserking, tree-form, weak-willed, unable to hop, enlightened, very quick
A: stationary, stasis, torment immunity, boosted hp, (amphibious), (slowness 1),
(strong legs 1), +LOS
a: no special abilities


You were on level 4 of the Dungeon.
You were a tree.
You visited 1 branch of the dungeon, and saw 4 of its levels.

You collected 271 gold pieces.

Inventory:

Hand Weapons
 a - a +0 long sword (weapon)
Missiles
 i - 11 poisoned darts (quivered)
Armour
 c - a +0 buckler (worn)
 f - a +0 pair of gloves (melded)
 k - a +0 chain mail (melded)
 s - a +0 pair of boots (melded)
 t - a +1 cloak (melded)
Jewellery
 w - an amulet of magic regeneration
Wands
 o - a wand of flame (15)
 x - a wand of roots (13)
Scrolls
 b - a scroll of blinking {unknown}
 g - a scroll of enchant weapon {unknown}
 h - a scroll of fear {unknown}
 l - a scroll of teleportation {unknown}
 n - 4 scrolls of noise
 p - a scroll of immolation
 r - a scroll of vulnerability
 u - a scroll of identify {unknown}
 v - a scroll of enchant armour
Potions
 d - a potion of invisibility {unknown}
 e - a potion of lignification


   Skills:
 * Level 4.9 Fighting
 * Level 6.9 Long Blades
 + Level 0.1 Throwing
 * Level 5.6 Armour
 * Level 1.1 Dodging
 - Level 0.5 Stealth
 * Level 4.1 Shields
 + Level 0.2 Evocations


You had 6 spell levels left.
You didn't know any spells.
Your spell library was empty.

Dungeon Overview and Level Annotations

Branches:
Dungeon (4/15)
 Temple: D:4-7

Altars:
Dithmenos
Gozag


Innate Abilities, Weirdness & Mutations

You are a tree.
Your roots penetrate the ground, keeping you stationary.
You cannot be teleported.
You are immune to unholy pain and torment.
Your maximum health is greatly increased.
Your equipment is partially melded.
((You are amphibious.))
((You cover ground slowly.))
((You can hop short distances.))
You have an extended range of vision and can be seen from far away.


Message History

The steam dragon breathes steam at you. The ball of steam hits you!
It was a potion of lignification.
You turn into a tree.
Your +1 cloak melds into your body.
Your +0 pair of gloves melds into your body.
Your +0 pair of boots melds into your body.
Your +0 chain mail melds into your body.
Your roots penetrate the ground.
You are engulfed in a cloud of scalding steam.
* * * LOW HITPOINT WARNING * * *
The steam dragon bites you but does no damage.
The steam dragon claws you but does no damage.
It was a potion of curing.
You feel better.
You are engulfed in a cloud of scalding steam.
The steam dragon bites you but does no damage.
The steam dragon claws you but does no damage.
It was a potion of enlightenment.
Your roots keep you in place.
You are engulfed in a cloud of scalding steam.
The steam dragon bites you but does no damage.
You block the steam dragon's attack.
It was a potion of berserk rage.
A red film seems to cover your vision as you go berserk!
You feel yourself moving faster!
You feel mighty! The steam dragon bites you.
* * * LOW HITPOINT WARNING * * *
The steam dragon claws you but does no damage.
You are too berserk!
You barely miss the steam dragon.
The steam dragon is lightly wounded.
You slash the steam dragon!
Flame seeps out of the steam dragon.
The steam dragon is heavily wounded.
The steam dragon is engulfed in blazing flames.
Flame seeps out of the steam dragon.
You block the steam dragon's attack.
The steam dragon claws you but does no damage.
You hit the steam dragon.
Flame seeps out of the steam dragon.
The steam dragon is almost dead.
The steam dragon is engulfed in blazing flames.
The steam dragon scales are intact enough to wear.
The steam dragon explodes!
The fiery explosion engulfs you!!!
You die...

#.### #.### #...#
###.# #.# ###.#
....# ##### #######
#####..♣○h#
####.....###§#####
#......#.# #.....#
#.##.#.#.# #.###.#
#######....#.#.....#
#.......####.#######
#.##....####.#
#.##.........#
#.##....#.##..


You could see a hound.

Vanquished Creatures
  Sigmund (D:3)
  A steam dragon (D:4)
  Duvessa (D:4)
  A scorpion (D:4)
  Dowan (D:4)
  Jessica (D:3)
  2 sleepcaps (D:4)
  Ijyb (D:4)
  2 adders (D:2)
  4 gnolls (D:4)
  A worm (D:2)
  2 orcs (D:4)
  6 endoplasms
  A giant cockroach (D:3)
  4 goblins
  6 hobgoblins
  4 jackals (D:4)
  5 quokkas
  8 ball pythons
  3 bats
  3 frilled lizards
  4 kobolds
  3 rats
65 creatures vanquished.

Notes
Turn   | Place    | Note
-------+----------+-------------------------------------------
     0 | D:1      | Ahpoh the Barachi Fighter began the quest for the Orb.
     0 | D:1      | Reached XP level 1. HP: 18/18 MP: 1/1
   179 | D:1      | Reached XP level 2. HP: 25/25 MP: 2/2
   546 | D:2      | Found a faded altar of an unknown god.
   600 | D:2      | Reached XP level 3. HP: 17/30 MP: 3/3
   924 | D:2      | Reached skill level 3 in Long Blades
  1621 | D:3      | Noticed Jessica
  1632 | D:3      | Killed Jessica
  1633 | D:3      | Reached XP level 4. HP: 32/37 MP: 4/4
  1660 | D:3      | Found a shadowy altar of Dithmenos.
  1807 | D:3      | Found an opulent altar of Gozag.
  1854 | D:3      | Noticed Sigmund
  1908 | D:3      | Killed Sigmund
  1909 | D:3      | Reached skill level 4 in Long Blades
  1909 | D:3      | Reached skill level 5 in Armour
  1909 | D:3      | Reached XP level 5. HP: 41/43 MP: 5/5
  1909 | D:3      | Reached XP level 6. HP: 47/49 MP: 6/6
  2238 | D:3      | Reached skill level 5 in Long Blades
  2633 | D:4      | Noticed Duvessa
  2677 | D:4      | Killed Duvessa
  2678 | D:4      | Reached skill level 1 in Dodging
  2691 | D:4      | Noticed Dowan
  2791 | D:4      | Killed Dowan
  2975 | D:4      | Reached skill level 6 in Long Blades
  2975 | D:4      | Reached XP level 7. HP: 55/55 MP: 7/7
  3124 | D:4      | Noticed Ijyb
  3130 | D:4      | Killed Ijyb
  3322 | D:4      | Noticed a steam dragon
  3338 | D:4      | Killed a steam dragon
  3338 | D:4      | Killed by an exploding steam dragon... ignited by their
                  | inner flame

Illustrated notes

Levels and vault maps discovered:
D:1:      dpeg_arrival_boxes_within_box, layout_rooms,
          chequers_serial_rivers_micro_b
D:2:      layout_basic, ebering_ecumenical_altar_webs, small_statue_intersection
D:3:      layout_loops_ring, grunt_gozag_statues,
          nicolae_dithmenos_shadow_blocks, uniq_sigmund, uniq_jessica
D:4:      layout_loops_cross, serial_shops, shop_statue, uniq_duvessa, uniq_ijyb

Skill      XL: |  1  2  3  4  5  6 |
---------------+-------------------+-----
Armour         | 4 5 |  5.6
Long Blades    | 3 4 6 |  6.9
Fighting       | 4 |  4.9
Shields        | 4 |  4.1
Dodging        | 1 |  1.1
Throwing       | |  0.1
Stealth        | |  0.5
Evocations     | |  0.2

Action                     |  1- 3 |  4- 6 |  7- 9 || total
---------------------------+-------+-------+-------++-------
  Melee: Long sword        |   119 |    95 |    50 ||   264
  Throw: Dart              |       |     5 |    10 ||    15
Ability: Hop               |       |     1 |     1 ||     2
  Evoke: Wand              |       |     4 |     1 ||     5
    Use: Potion            |       |     1 |     4 ||     5
         Scroll            |       |       |     4 ||     4
 Armour: Scale mail        |    39 |       |       ||    39
         Chain mail        |    44 |    83 |    34 ||   161
         Skin              |       |       |    12 ||    12
  Dodge: Dodged            |    42 |    35 |    15 ||    92
  Block: Buckler           |    24 |    24 |    18 ||    66

Table legend: (Time is in decaauts)
 A = Elapsed time spent in this place.
 B = Non-inter-level travel time spent in this place.
 C = Inter-level travel time spent in this place.
 D = Time resting spent in this place.
 E = Time spent auto-exploring this place.
 F = Levels seen in this place.
 G = Mean time per level.
                   A        B        C        D        E       F      G
               +--------+--------+--------+--------+--------+-----+--------+
         Total |   3844 |   3734 |    110 |    351 |   2383 |   4 |  961.0 |
       Dungeon |   3844 |   3734 |    110 |    351 |   2383 |   4 |  961.0 |
               +--------+--------+--------+--------+--------+-----+--------+

Top non-repeatable levels by time:
     D:2: 1266 daAuts
     D:3: 1092 daAuts
     D:4: 836 daAuts
     D:1: 649 daAuts
